AoeStats
← Mycorrhizal

Nomad

508727388Analyzed
3v3 RM · 8d ago on Sep 23, 2026· 25m 54s· 6 players
Game mode
Random Map
Map size
210×210
Population
200
Speed
Normal
Resources
Standard
Victory
Conquest
Starting age
Dark Age
Ending age
Imperial Age
RankedLock teamsTeams togetherTeam positionsShared explorationLock speedFull tech treeHidden civsTurbo modeCheats
Victory
Defeat
🇮🇳 Danes · India
1468
+15
🇮🇳 Vikings · India
1467
+15
🇬🇧 Khmer · United Kingdom
1346
+20
🇺🇸 Vietnamese · United States
1477
-18
🇨🇦 Gurjaras · Canada
1436
-16
🇭🇺 Slavs · Hungary
1417
-16
rokage
4:26 Loom
13:45 Feudal Age
17:39 Castle Age
15:41 Horse Collar
17:10 Bloodlines
17:00 Double-Bit Axe
18:33 Scale Barding Armor
26:27 Bow Saw
Seetha
4:44 Loom
13:28 Feudal Age
14:09 Town Watch
17:43 Castle Age
19:28 Wheelbarrow
Invincius
4:53 Loom
12:49 Feudal Age
17:28 Castle Age
17:47 Double-Bit Axe
17:44 Horse Collar
18:24 Medium Warships
19:19 Bow Saw
19:03 Fletching
19:59 Bodkin Arrow
23:37 Town Watch
24:11 Medium Warships
25:03 Horse Collar
Mycorrhizal
7:29 Loom
12:12 Feudal Age
13:27 Town Watch
16:56 Castle Age
16:15 Stone Mining
22:22 Double-Bit Axe
26:03 Bow Saw
huninter
4:00 Loom
13:34 Feudal Age
14:03 Feudal Age
17:50 Castle Age
15:48 Town Watch
BigAl
7:54 Loom
13:14 Feudal Age
14:01 Fishing Lines
16:08 Forging
16:48 Double-Bit Axe
17:13 Fletching
21:52 Castle Age
22:56 Medium Warships
23:09 Bodkin Arrow
25:00 Gillnets
Connection lost

Rejoining the realm…

Still unreachable

The connection could not be restored.

Session expired

The server has moved on; the page needs a fresh start.